 Dungeon Crawl Stone Soup version 0.23-a0-550-g7de1f8e (webtiles) character file.

6358 MisterFreud the Timeless (level 10, -2/74 (75) HPs)
             Began as a Naga Fire Elementalist on Dec 9, 2018.
             Was a High Priest of Cheibriados.
             Slain by a two-headed ogre
             ... wielding a +0 giant spiked club
              (22 damage)
             ... on level 10 of the Dungeon.
             The game lasted 00:36:30 (11740 turns).

MisterFreud the Timeless (Naga Fire Elementalist)  Turns: 11740, Time: 00:36:31

HP:   -2/74 (75)    AC: 14    Str: 23    XL:     10   Next: 96%
MP:   10/17         EV: 10    Int: 31    God:    Cheibriados [*****.]
Gold: 168           SH:  0    Dex: 26    Spells: 3/19 levels left

rFire    . . .     SeeInvis +   g - +3 dagger (elec)
rCold    + . .     Gourm    .   (no shield)
rNeg     . . .     Faith    .   v - +2 robe {rC+}
rPois    +         Spirit   .   (no helmet)
rElec    .         Reflect  .   (no cloak)
rCorr    .         Harm     .   q - +0 pair of gloves
MR       +....                  (no barding)
Stlth    ++++......             (no amulet)
HPRegen  0.22/turn              F - ring of wizardry
MPRegen  0.15/turn              (no ring)

@: icy armour, very slow
A: large, see invisible, deformed body, poison resistance, slowness 2, slow
metabolism 1, spit poison 1, AC +3
a: Spit Poison, Bend Time, Temporal Distortion, Slouch, Step From Time, Renounce
Religion


You were on level 10 of the Dungeon.
You worshipped Cheibriados.
Cheibriados was extremely pleased with you.
You were not hungry.

You visited 2 branches of the dungeon, and saw 11 of its levels.
You also visited: Ossuary.

You collected 518 gold pieces.
You spent 350 gold pieces at shops.

Inventory:

Hand Weapons
 f - a +2 falchion of holy wrath
 g - a +3 dagger of electrocution (weapon)
 m - the +1 hand axe "Ifuegeq" {freeze, rElec}
   (You found it on level 5 of the Dungeon)

   It has been specially enchanted to freeze those struck by it, causing extra
   injury to most foes and up to half again as much damage against particularly
   susceptible opponents.
   It can also slow down cold-blooded creatures.
   It insulates you from electricity.
 t - a +1 trident of freezing
Missiles
 e - 163 arrows
 i - 176 stones (quivered)
 l - 25 poisoned needles
 n - 8 needles of paralysis
 p - 43 sling bullets
 s - 49 bolts
 y - 5 tomahawks
Armour
 q - a +0 pair of gloves (worn)
 v - a +2 robe of cold resistance (worn)
 A - a +0 shield
Jewellery
 F - a ring of wizardry (left hand)
Wands
 J - a wand of acid (8)
 K - a wand of flame (16)
Scrolls
 a - a scroll of fog
 h - 2 scrolls of remove curse
 k - 3 scrolls of enchant weapon
 r - 6 scrolls of enchant armour
 u - a scroll of immolation
 E - a scroll of magic mapping
 H - a scroll of silence {unknown}
Potions
 b - 3 potions of brilliance
 d - a potion of magic
 j - a potion of mutation
 o - a potion of berserk rage {unknown}
 w - 2 potions of heal wounds {unknown}
 x - a potion of resistance {unknown}
 z - 2 potions of agility
 B - 3 potions of might {unknown}
 C - a potion of curing {unknown}
 D - a potion of invisibility {unknown}
 G - 2 potions of ambrosia {unknown}
Comestibles
 c - 19 rations


   Skills:
 - Level 1.5 Dodging
 - Level 6.0 Stealth
 + Level 4.7 Shields
 - Level 5.0 Spellcasting
 - Level 8.0 Conjurations
 - Level 3.0 Charms
 - Level 8.0 Fire Magic
 - Level 3.0 Ice Magic
 - Level 8.0 Invocations


You had 3 spell levels left.
You knew the following spells:

 Your Spells              Type           Power        Failure   Level  Hunger
a - Flame Tongue          Conj/Fire      #####        1%          1    None
b - Conjure Flame         Conj/Fire      ######..     1%          3    None
c - Sticky Flame          Conj/Fire      ######..     1%          4    ###....
d - Fireball              Conj/Fire      ######....   2%          5    #####..
e - Ozocubu's Armour      Chrm/Ice       ####....     1%          3    None

Your spell library contained the following spells:

 Spells                   Type           Power        Failure   Level  Hunger
 Freeze                   Ice            ####         1%          1    None
 Sting                    Conj/Pois      ####         1%          1    None
 Throw Flame              Conj/Fire      ######       1%          2    None
 Throw Frost              Conj/Ice       #####.       1%          2    None
 Inner Flame              Hex/Fire       ####....     1%          3    None
 Beastly Appendage        Tmut           #.....       2%          1    None
 Confusing Touch          Hex            #.....       2%          1    None
 Mephitic Cloud           Conj/Pois/Air  ###.....     2%          3    None
 Poisonous Vapours        Pois/Air       #.....       3%          2    None
 Sticks to Snakes         Tmut           #.......     3%          2    None
 Confuse                  Hex            #.......     6%          3    None
 Gell's Gravitas          Tloc           #.........   6%          3    None
 Spider Form              Tmut/Pois      #.........   6%          3    None
 Throw Icicle             Conj/Ice       #####...     2%          4    ###....
 Ice Form                 Ice/Tmut       ###.....     12%         4    ###....
 Summon Ice Beast         Ice/Summ       ###.....     12%         4    ###....
 Venom Bolt               Conj/Pois      ####......   12%         5    #####..
 Olgreb's Toxic Radiance  Pois           #.......     21%         4    ###....
 Petrify                  Tmut/Erth      #.......     21%         4    ###....
 Metabolic Englaciation   Hex/Ice        ###.......   32%         5    #####..
 Blade Hands              Tmut           #.........   50%         5    #####..
 Yara's Violent Unravell  Hex/Tmut       #.........   50%         5    #####..


Dungeon Overview and Level Annotations

Branches:
Dungeon (10/15)            Temple (1/1) D:5            Lair (0/6) D:9
    Orc (0/2) D:9

Altars:
Ashenzari
Cheibriados
Elyvilon
Fedhas
Gozag
Kikubaaqudgha
Nemelex Xobeh
Qazlal
Ru
Sif Muna
Trog
Uskayaw
Vehumet
Wu Jian
Xom
Yredelemnul
Zin
The Shining One

Shops:
D:8 (:

Annotations:
D:9 2 runed doors, confidenceinterval's ghost, novice GnWn


Innate Abilities, Weirdness & Mutations

You cannot wear boots.
Your serpentine skin is tough. (AC +3)
You have supernaturally acute eyesight. (SInv)
Armour fits poorly on your strangely shaped body.
Your system is resistant to poisons. (rPois)
You cover ground very slowly.
You have a slow metabolism.
You can spit poison.


Message History

Unknown command.
Unknown command.
Casting: Sticky Flame (safe; 1% risk of failure)
Confirm with . or Enter, or press ? or * to list all spells.
A film of ice covers your body!
The two-headed ogre burns!
The two-headed ogre hits you with a +0 giant spiked club!!
The two-headed ogre closely misses you.
Okay, then.
Evoke which item? (* to show all) (? for menu, Esc to quit)
Aiming: Corrosive Bolt
Press: ? - help, Shift-Dir - straight line, p - two-headed ogre The bolt of acid hits the two-headed ogre.
The two-headed ogre is splashed with acid.
The acid corrodes the two-headed ogre!
The two-headed ogre is severely wounded.
The two-headed ogre burns!
The two-headed ogre hits you with a +0 giant spiked club!
* * * LOW HITPOINT WARNING * * *
The two-headed ogre hits you with a +0 giant spiked club!!
You die...

#####.....#........#,,,,,,,*
...)#######........#,,,,,,,*
...)[...)..........#,...,,,******
........†.........#*,...,,,,,,,,,
..................#,....,,,,,,,,,
..................#.....,,,,,,,,,
..........##'###'##o....,,,,,,,,,
..........#.....)....#'***,,,,,,,
###########.....@O...#,,,*,,,,,,,
,,,,,,,,,............#,,,*,,,,,,,
,,,,,,,,,............#,,,*,,,,,,,
******,,.............#,,,*,******
*,,,,*,,,............#,,,*,*
*,,,,*,,,....<.......#****,*
*,,,,+,,,..............,,,,*
*,,,,*,,,...............,,**
*+****,,,...............,,*


You could see a two-headed ogre (burning) and an orc.

Vanquished Creatures
  A troll (D:9)
  2 hippogriffs
  4 yaks (D:10)
  A human (D:7)
  4 hogs (D:7)
  2 orc warriors
  2 ice beasts
  2 phantoms
  A sky beast (D:5)
  4 ogres
  A black bear (D:6)
  4 necrophages (D:8)
  A centaur (D:5)
  A big kobold (D:10)
  A crocodile (D:10)
  An elf zombie (D:8)
  2 bullfrogs (D:6)
  Blork the orc (D:6)
  3 water moccasin zombies
  A wyvern skeleton (D:9)
  An elf skeleton (D:8)
  4 scorpions
  6 killer bees (D:8)
  4 howler monkeys
  3 crimson imps
  2 quasits
  2 bullfrog zombies
  5 orc priests
  6 hounds
  A centaur skeleton (D:8)
  7 orc wizards
  A human skeleton (D:8)
  5 iguanas
  7 worker ants
  6 big kobold zombies (Ossuary)
  A centaur simulacrum (D:9)
  A hound zombie (D:9)
  A howler monkey zombie (D:9)
  2 mummies (Ossuary)
  A worker ant zombie (D:8)
  2 howler monkey skeletons
  5 gnolls
  8 adders
  A shadow imp (D:5)
  3 oozes
  8 adder zombies
  4 adder skeletons
  3 worms
  3 dart slugs
  8 leopard geckos
  55 orcs
  6 giant cockroaches
  2 gnoll zombies (Ossuary)
  10 hobgoblins
  10 jackals
  18 kobolds
  6 quokkas
  4 ball pythons
  A ball python skeleton (D:4)
  9 bats
  4 frilled lizards
  10 goblins
  5 hobgoblin zombies (Ossuary)
  A jackal skeleton (D:4)
  A jackal zombie (D:6)
  3 kobold zombies (Ossuary)
  2 leopard gecko skeletons
  3 orc skeletons (D:8)
  5 orc zombies (Ossuary)
  A quokka zombie (D:6)
  4 rats
  A bush (D:8)
311 creatures vanquished.

Vanquished Creatures (others)
  A wizard (D:9)
  3 plants (D:8)
4 creatures vanquished.

Grand Total: 315 creatures vanquished

Notes
Turn   | Place    | Note
-------+----------+-------------------------------------------
     0 | D:1      | MisterFreud the Naga Fire Elementalist began the quest for
                  | the Orb.
     0 | D:1      | Reached XP level 1. HP: 15/15 MP: 3/3
   206 | D:1      | Reached XP level 2. HP: 21/22 MP: 3/5
   487 | D:1      | Reached XP level 3. HP: 16/28 MP: 4/6
   933 | D:2      | Found a sacrificial altar of Ru.
  1251 | D:2      | Reached XP level 4. HP: 36/36 MP: 5/7
  2055 | D:3      | Found a faded altar of an unknown god.
  2079 | D:3      | Reached XP level 5. HP: 41/42 MP: 1/8
  2286 | D:3      | Learned a level 3 spell: Conjure Flame
  2291 | D:3      | Learned a level 4 spell: Sticky Flame
  3145 | D:4      | Reached XP level 6. HP: 49/49 MP: 3/9
  3365 | D:4      | Reached skill level 5 in Conjurations
  3365 | D:4      | Reached skill level 5 in Fire Magic
  3745 | D:4      | Reached XP level 7. HP: 51/55 MP: 6/12
  3918 | D:4      | Learned a level 5 spell: Fireball
  4277 | D:4      | Found an ornate altar of the Wu Jian Council.
  4316 | D:5      | Entered Level 5 of the Dungeon
  4417 | D:5      | Found a staircase to the Ecumenical Temple.
  4433 | Temple   | Entered the Ecumenical Temple
  4512 | Temple   | Became a worshipper of Cheibriados the Contemplative
  4720 | D:5      | Reached XP level 8. HP: 46/62 MP: 9/14
  4849 | D:5      | Reached * piety under Cheibriados
  5035 | D:5      | Found a shimmering altar of Xom.
  5154 | D:5      | Reached skill level 5 in Spellcasting
  5433 | D:5      | Got a slimy hand axe
  5434 | D:5      | Identified the cursed +1 hand axe "Ifuegeq" {freeze, rElec}
                  | (You found it on level 5 of the Dungeon)
  5843 | D:6      | Noticed Blork the orc
  5848 | D:6      | Killed Blork the orc
  5848 | D:6      | Reached ** piety under Cheibriados
  5860 | D:5      | HP: 2/62 [ice beast (8)]
  6173 | D:6      | Reached skill level 1 in Invocations
  6297 | D:6      | Reached XP level 9. HP: 68/68 MP: 14/16
  6625 | D:6      | Found a stormy altar of Qazlal.
  6625 | D:6      | Found a sparkling altar of Nemelex Xobeh.
  6949 | D:7      | Found a white marble altar of Elyvilon.
  7007 | D:7      | Found a basalt altar of Yredelemnul.
  7155 | D:7      | Found an ancient bone altar of Kikubaaqudgha.
  7156 | D:7      | Found a radiant altar of Vehumet.
  7273 | D:7      | Reached skill level 5 in Invocations
  8025 | D:8      | Found a sand-covered staircase.
  8033 | Ossuary  | Entered an ossuary
  8039 | Ossuary  | Reached *** piety under Cheibriados
  8367 | D:8      | Reached **** piety under Cheibriados
  8367 | D:8      | Reached XP level 10. HP: 75/75 MP: 12/17
  8374 | D:8      | Reached skill level 5 in Stealth
  8413 | D:8      | Found a hide-covered altar of Uskayaw.
  8413 | D:8      | Noticed a +0 dagger
  8413 | D:8      | Noticed a +0 hand axe
  8529 | D:8      | Found Udghyitt's Antique Weapon Shoppe.
  8652 | D:8      | Found Etinee's Book Shop.
  8655 | D:8      | Bought a book of Frost for 350 gold pieces
  8659 | D:8      | Learned a level 3 spell: Ozocubu's Armour
  8959 | D:8      | Found a blossoming altar of Fedhas.
  9087 | D:8      | Reached skill level 1 in Charms
  9087 | D:8      | Reached skill level 1 in Ice Magic
  9358 | D:9      | Found a glowing silver altar of Zin.
  9423 | D:9      | Found a staircase to the Orcish Mines.
  9619 | D:9      | Reached ***** piety under Cheibriados
  9859 | D:9      | Found a staircase to the Lair.
  9883 | D:9      | Found a shattered altar of Ashenzari.
  9953 | D:9      | Found a large runed door.
  9954 | D:9      | Found a large runed door.
 10172 | D:9      | Found a bloodstained altar of Trog.
 10200 | D:9      | Reached skill level 1 in Shields
 10755 | D:9      | Noticed a wizard
 10758 | D:9      | Killed a wizard
 10832 | D:9      | Noticed confidenceinterval's ghost (novice GnWn)
 10842 | D:10     | Entered Level 10 of the Dungeon
 10950 | D:10     | HP: 1/74 [yak (12)]
 11635 | D:10     | Noticed a two-headed ogre
 11740 | D:10     | Slain by a two-headed ogre

Vault maps used:
D:1:      psy_arrival_heroes, minmay_misc_feat_chi
D:2:      cheibrodos_helix_gallery, nicolae_overflow_crystal_walls,
          first_ration, minmay_box_of_dots
D:3:      chequers_ecumenical_altar_simple, st_stairs_11
D:4:      kennysheep_mini_moat, minmay_crystal_room
D:5:      lemuel_coloured_pillars_altar, minmay_temple_entry_mini_moons
D:6:      gammafunk_temple_overflow_statue, chequers_serial_rivers_small_3,
          uniq_blork_the_orc
D:7:      gammafunk_temple_overflow_pools, kennysheep_ying_yang, grunt_livestock
D:8:      fedhas_altar_decomposition, dancing_weapons_uskayaw,
          nicolae_ossuary_entry_catacombs, serial_rivers,
          chequers_serial_rivers_micro_a, chequers_serial_rivers_room_a,
          chequers_serial_rivers_micro_a, chequers_serial_rivers_micro_d,
          serial_shops, nicolae_shop_window_shopping, shop
D:9:      old_standard_altar, nicolae_overflow_hidden_temple, lair_entry_dummy,
          david_orc_3, ebering_ghost_disaster_area, hangedman_weighted_door,
          trog_wizard
D:10:     lightli_corner_chamber
Temple:   nicolae_temple_figure_zero
Ossuary:  ossuary_tomb_2

Skill      XL: |  1  2  3  4  5  6  7  8  9 10 |
---------------+-------------------------------+-----
Conjurations   | 2 3 4 5 7 8 |  8.0
Fire Magic     | 4 5 7 8 |  8.0
Spellcasting   | 3 4 5 |  5.0
Invocations    | 2 8 |  8.0
Stealth        | 4 6 |  6.0
Charms         | 3 |  3.0
Ice Magic      | 3 |  3.0
Shields        | 4 |  4.7
Dodging        | |  1.5

Action                   |  1- 3 |  4- 6 |  7- 9 | 10-12 || total
-------------------------+-------+-------+-------+-------++-------
Melee: Dagger            |    20 |    55 |   252 |   169 ||   496
Throw: Stone             |       |     1 |       |       ||     1
 Cast: Flame Tongue      |    20 |    60 |    86 |    58 ||   224
       Sticky Flame      |       |     2 |    26 |    32 ||    60
       Conjure Flame     |       |       |     1 |       ||     1
       Ozocubu's Armour  |       |       |       |     4 ||     4
       Fireball          |       |       |       |     1 ||     1
Invok: Slouch            |       |       |       |     1 ||     1
 Abil: Spit Poison       |    27 |    44 |    39 |    33 ||   143
Evoke: Wand              |       |       |       |     1 ||     1
  Use: Scroll            |       |     7 |     9 |     3 ||    19
       Potion            |       |       |       |     1 ||     1
 Stab: Sleeping          |       |     3 |     7 |     4 ||    14
  Eat: Chunk             |     2 |    11 |    13 |     7 ||    33
       Ration            |       |       |       |     2 ||     2
Armor: Robe              |     8 |    17 |   124 |    68 ||   217
Dodge: Dodged            |    13 |    48 |   168 |   120 ||   349

Table legend:
 A = Non-vault XP
 B = Vault XP
 C = Vault XP percentage of total XP
 D = Non-vault monster count
 E = Vault monster count
 F = Vault count percentage of total count
                 A         B        C        D         E       F
            +---------+---------+-------+---------+---------+-------
      Total |    6578 |    2506 |  27.6 |     241 |      69 |  22.3
            +---------+---------+-------+---------+---------+-------
        D:1 |      54 |       0 |   0.0 |      28 |       0 |   0.0
        D:2 |      60 |      10 |  14.3 |      21 |       6 |  22.2
        D:3 |     188 |       5 |   2.6 |      38 |       3 |   7.3
        D:4 |     570 |       0 |   0.0 |      24 |       0 |   0.0
        D:5 |     916 |       0 |   0.0 |      23 |       0 |   0.0
        D:6 |     621 |      82 |  11.7 |      29 |       1 |   3.3
        D:7 |     305 |     971 |  76.1 |      11 |       5 |  31.2
        D:8 |    1452 |     831 |  36.4 |      29 |      12 |  29.3
        D:9 |     777 |     204 |  20.8 |      15 |      10 |  40.0
       D:10 |    1635 |       0 |   0.0 |      23 |       0 |   0.0
    Ossuary |       0 |     403 | 100.0 |       0 |      32 | 100.0
            +---------+---------+-------+---------+---------+-------
